 Dungeon Crawl Stone Soup version 0.16-a0-3115-g4870798 (webtiles) character file.

12606 PolkaDot the Summoner (level 11, -8/94 HPs)
             Began as a Vampire Summoner on Dec 13, 2014.
             Was the Champion of Sif Muna.
             Mangled by a very large slime creature (58 damage)
             ... on level 12 of the Dungeon.
             The game lasted 01:08:51 (13256 turns).

PolkaDot the Summoner (Vampire Summoner)           Turns: 13256, Time: 01:08:51

Health: -8/94      AC:  7    Str:  9    XL:     11   Next: 64%
Magic:  4/23       EV: 12    Int: 20    God:    Sif Muna [******]
Gold:   656        SH:  7    Dex: 14    Spells: 5 memorised, 3 levels left

rFire  . . .     SeeInvis +     g - +4 scimitar (freeze)
rCold  + . .     Clarity  .     L - troll hide
rNeg   + . .     SustAb   .     b - +2 buckler
rPois  +         Gourm    .     (no helmet)
rElec  .         Spirit   .     (no cloak)
rCorr  .         Warding  .     a - +0 pair of gloves
rMut   .         Stasis   .     w - +0 pair of boots
MR     +....                    (no amulet)
Stlth  +++++.....               t - ring of poison resistance (curse)
                                s - +3 ring of protection

@: somewhat resistant to hostile enchantments, quite stealthy
A: bottle blood, fangs 3, camouflage 1, see invisible, cold resistance 1, robust
1, strong 1, unbreathing
a: Bat Form, Channel Energy, Forget Spell, Renounce Religion


You were on level 12 of the Dungeon.
You worshipped Sif Muna.
Sif Muna was exalted by your worship.
You were not thirsty.

You visited 2 branches of the dungeon, and saw 13 of its levels.

You collected 656 gold pieces.

Inventory:

Hand weapons
 g - a +4 scimitar of freezing (weapon)
 B - a +2 falchion of flaming
Armour
 a - a +0 pair of gloves (worn)
 b - a +2 buckler (worn)
 w - a +0 pair of boots (worn)
 L - a troll hide (worn)
Jewellery
 s - a +3 ring of protection (left hand)
 t - a cursed ring of poison resistance (right hand)
Magical devices
 c - a wand of heal wounds (0)
 h - a wand of digging (21)
 k - a wand of disintegration (7)
 p - a wand of cold (0)
 x - a wand of random effects (26)
 y - a wand of heal wounds (0)
 z - a wand of lightning (6)
 A - a wand of paralysis (10)
 C - a wand of disintegration (11)
 E - a wand of frost (29)
 F - a wand of cold (10)
 J - a wand of paralysis (8)
Scrolls
 f - a scroll of noise {unknown}
 j - a scroll of magic mapping {unknown}
 m - a scroll of recharging {unknown}
 n - 2 scrolls of remove curse
 o - a scroll of enchant armour {unknown}
 r - a scroll of amnesia
 u - a scroll of enchant weapon
 H - a scroll of fog
 I - a scroll of random uselessness {unknown}
Potions
 d - 2 potions of lignification
 e - 3 potions of curing
 i - 3 potions of flight
 l - a potion of brilliance {unknown}
 v - a potion of cancellation {unknown}
 D - a potion of haste {unknown}
Books
 q - Sif Muna's Catalogue of Glamour {god gift}
   (Sif Muna gifted it to you on level 11 of the Dungeon)

   Spells                             Type                      Level
   a - Confusing Touch                Hexes                        2
   b - Tukima's Dance                 Hexes                        3
   c - Enslavement                    Hexes                        4
   d - Summon Mana Viper              Hexes/Summoning              5
   e - Mass Confusion                 Hexes                        6


   Skills:
 - Level 8.2 Fighting
 - Level 2.1 Dodging
 - Level 7.7 Stealth
 - Level 5.4 Shields
 * Level 5.3 Spellcasting
 + Level 7.5 Hexes
 + Level 10.1 Summonings
 - Level 5.9 Ice Magic
 - Level 6.0 Air Magic


You had 3 spell levels left.
You knew the following spells:

 Your Spells              Type           Power        Failure   Level  Hunger
d - Call Canine Familiar  Summ           #####...     1%          3    ##.....
g - Summon Guardian Gole  Hex/Summ       #####...     3%          4    ####...
i - Summon Ice Beast      Ice/Summ       #####...     6%          4    ####...
l - Summon Lightning Spi  Summ/Air       #####...     6%          4    ####...
s - Call Imp              Summ           #####...     1%          2    None


Dungeon Overview and Level Annotations

Branches:
Dungeon (12/15)            Temple (1/1) D:5            Lair (0/8) D:8
    Orc (0/4) D:12

Altars:
Ashenzari
Cheibriados
Dithmenos
Elyvilon
Fedhas
Gozag
Kikubaaqudgha
Makhleb
Nemelex Xobeh
Okawaru
Qazlal
Ru
Sif Muna
Trog
Vehumet
Xom
Yredelemnul
Zin
The Shining One

Shops:
D:7 :

Annotations:
D:11 runed door


Innate Abilities, Weirdness & Mutations

You can bottle blood from corpses.
You have razor-sharp teeth.
You have supernaturally acute eyesight.
You can survive without breathing.
Your skin changes colour to match your surroundings (Stealth).
Your flesh is cold resistant.
You are robust (+10% HP).
Your muscles are strong. (Str +2)


Message History

Your ice beast hits the large slime creature.
Your ice beast freezes the large slime creature!
Your ice beast hits the troll but does no damage.
The troll bites your ice beast but does no damage.
The troll claws your ice beast!
Your ice beast dies!
A large slime creature splits.
A jelly comes into view.
Two slime creatures merge to form a large slime creature.
Two slime creatures merge to form a very large slime creature.
Drink which item? (? for menu, Esc to quit)
Okay, then.
Read which item? (? for menu, Esc to quit)
Okay, then.
Casting: Summon Guardian Golem
Confirm with . or Enter, or press ? or * to list all spells.
* * * LOW MAGIC WARNING * * *
The very large slime creature hits you!!!
Ouch! That really hurt!
You die...

(..........).#####.......
.8....>..%.8...T....#.....
.......).......###..........
#....).(..%.#.# ##.#..J..)
#.....8))...#.# #..# ....
###..)")####.###T## ..
#.#........##..# .
####/....##.## #<....@J.#
#...h.##....#
................
#...............
.<############## ###


You could see a very large slime creature and a friendly wolf.

Vanquished Creatures
  An unseen horror (D:11)
  A hill giant (D:11)
  An ugly thing (D:11)
  2 trolls (D:11)
  A wraith (D:7)
  A wyvern (D:11)
  4 yaks
  A deep elf fighter (D:10)
  2 hungry ghosts
  3 orc warriors
  2 sky beasts
  A black bear (D:10)
  3 necrophages
  5 ogres
  4 centaurs
  2 crocodiles
  2 big kobolds
  An elf zombie (D:7)
  5 giant frogs
  A water moccasin zombie (D:6)
  4 scorpions
  A water moccasin skeleton (D:7)
  5 wights
  2 electric eels (D:11)
  A quasit (D:7)
  A goliath beetle (D:6)
  4 crimson imps
  2 orc priests (D:10)
  A human zombie (D:7)
  7 iguanas
  6 orc wizards
  2 hounds
  A centaur skeleton (D:11)
  A human skeleton (D:7)
  7 worker ants
  An ogre zombie (D:7)
  2 mummies (D:7)
  A hound skeleton (D:9)
  3 worker ant zombies
  11 adders
  A gnoll (D:7)
  A shadow imp (D:5)
  2 giant mites (D:6)
  A worm (D:5)
  7 giant geckos
  An ooze (D:7)
  24 orcs
  10 bats
  6 goblins
  9 hobgoblins
  6 jackals
  5 quokkas
  2 ball pythons
  A ball python skeleton (D:4)
  4 giant cockroaches
  A giant gecko zombie (D:6)
  3 giant newts
  A giant spore (D:7)
  A jackal skeleton (D:9)
  24 kobolds
  An orc zombie (D:7)
  A quokka zombie (D:9)
  14 rats
  4 ballistomycetes
236 creatures vanquished.

Vanquished Creatures (collateral kills)
  2 hydras (D:11)
  A rakshasa (D:11)
  2 death yaks (D:8)
  An iron troll (D:11)
  An unseen horror (D:10)
  A hill giant (D:10)
  A manticore (D:11)
  A centaur zombie (D:11)
  2 spiny frogs (D:8)
  5 trolls (D:11)
  7 yaks
  The ghost of flinch the Cudgeler, an average OgBe of Trog (D:4)
  A shadow (D:11)
  3 wyverns
  A spriggan (D:10)
  3 hungry ghosts
  A guardian golem (D:11)
  A wolf (D:11)
  5 orc warriors
  A sky beast (D:7)
  A black bear (D:7)
  10 ice beasts
  3 ogres
  2 big kobolds
  17 killer bees
  2 electric eels (D:11)
  6 wights
  A jelly (D:7)
  A crimson imp (D:10)
  A giant frog zombie (D:10)
  2 hounds (D:8)
  4 orc priests
  An orc wizard (D:10)
  A human skeleton (D:7)
  A hound zombie (D:9)
  A mummy (D:9)
  6 gnolls
  2 adders
  An adder zombie (D:9)
  21 orcs
  3 hobgoblins
  3 jackals (D:11)
  9 kobolds
  2 bats
  2 giant geckos
  A giant spore (D:11)
  A rat (D:7)
  2 ballistomycetes
148 creatures vanquished.

Vanquished Creatures (others)
  10 wolves
  12 guardian golems
  58 ice beasts
  2 crimson imps (D:11)
  13 hounds
  3 lightning spires
  A white imp (D:7)
  An orc (D:11)
  A quokka (D:9)
  A giant spore (D:7)
102 creatures vanquished.

Grand Total: 486 creatures vanquished

Notes
Turn   | Place    | Note
--------------------------------------------------------------
     0 | D:1      | PolkaDot, the Vampire Summoner, began the quest for the Orb.
     0 | D:1      | Reached XP level 1. HP: 13/13 MP: 3/3
    49 | D:1      | Reached skill level 1 in Fighting
   304 | D:1      | Reached XP level 2. HP: 15/21 MP: 4/4
   550 | D:1      | Learned a level 2 spell: Call Imp
  1080 | D:2      | Reached XP level 3. HP: 27/27 MP: 6/6
  1085 | D:2      | Learned a level 3 spell: Call Canine Familiar
  1600 | D:3      | Noticed an ogre
  1616 | D:3      | Killed an ogre
  1616 | D:3      | Reached XP level 4. HP: 16/35 MP: 7/7
  1797 | D:3      | Reached XP level 5. HP: 22/41 MP: 9/9
  2265 | D:3      | Reached skill level 5 in Stealth
  2420 | D:4      | Found a radiant altar of Vehumet.
  2423 | D:4      | Found a snail-covered altar of Cheibriados.
  2589 | D:4      | Noticed an ogre
  2610 | D:4      | Killed an ogre
  2610 | D:4      | Reached XP level 6. HP: 47/49 MP: 10/10
  2634 | D:4      | Noticed flinch's ghost (average OgBe)
  2641 | D:4      | Gained mutation: Your muscles are strong. (Str +2) [potion of beneficial mutation]
  2645 | D:4      | Gained mutation: Your skin changes colour to match your surroundings (Stealth). [potion of mutation]
  2645 | D:4      | Gained mutation: Your flesh is cold resistant. [potion of mutation]
  2645 | D:4      | Gained mutation: You are robust (+10% HP). [potion of mutation]
  2662 | D:4      | Killed flinch's ghost
  2662 | D:4      | Reached skill level 5 in Fighting
  2662 | D:4      | Reached skill level 6 in Stealth
  2758 | D:4      | Found a glowing golden altar of the Shining One.
  2758 | D:4      | Found an opulent altar of Gozag.
  2760 | D:4      | Found a sacrificial altar of Ru.
  3123 | D:5      | Entered Level 5 of the Dungeon
  3123 | D:5      | Found a glowing silver altar of Zin.
  3131 | D:5      | Reached XP level 7. HP: 49/61 MP: 12/12
  3137 | D:5      | Learned a level 4 spell: Summon Ice Beast
  3172 | D:5      | Reached skill level 7 in Stealth
  3361 | D:5      | Found a staircase to the Ecumenical Temple.
  3380 | Temple   | Entered the Ecumenical Temple
  3623 | Temple   | Became a worshipper of Sif Muna the Loreminder
  3925 | D:5      | Found a stormy altar of Qazlal.
  4050 | D:5      | Reached skill level 1 in Ice Magic
  4298 | D:6      | Reached skill level 5 in Summonings
  4298 | D:6      | Reached XP level 8. HP: 54/71 MP: 13/13
  4836 | D:6      | Acquired Sif Muna's first power
  5357 | D:7      | Acquired Sif Muna's second power
  5376 | D:7      | Found Varo's Book Shop.
  5460 | D:7      | Learned a level 4 spell: Summon Guardian Golem
  5891 | D:7      | Reached skill level 5 in Ice Magic
  5938 | D:7      | Reached XP level 9. HP: 36/78 MP: 15/18
  6154 | D:7      | Found a basalt altar of Yredelemnul.
  6375 | D:8      | Reached skill level 1 in Hexes
  6751 | D:8      | Noticed a spiny frog
  6753 | D:8      | Noticed a spiny frog
  6765 | D:8      | Killed a spiny frog
  6772 | D:8      | Killed a spiny frog
  6884 | D:8      | Found a staircase to the Lair.
  6886 | D:8      | Noticed a death yak
  6903 | D:8      | Killed a death yak
  6903 | D:8      | Reached skill level 5 in Hexes
  6905 | D:8      | Noticed a death yak
  7010 | D:8      | Acquired Sif Muna's third power
  7730 | D:8      | Got a heavily runed shield
  7736 | D:8      | Identified the cursed -5 shield of the Known World {rElec MR+ rCorr} (You took it off a kobold on level 8 of the Dungeon)
  7759 | D:8      | Reached skill level 5 in Spellcasting
  7778 | D:8      | Killed a death yak
  7801 | D:8      | Reached XP level 10. HP: 31/84 MP: 14/22
  8100 | D:8      | Learned a level 4 spell: Summon Lightning Spire
  8152 | D:8      | Found a blossoming altar of Fedhas.
  8228 | D:8      | Reached skill level 1 in Air Magic
  8744 | D:9      | Found a white marble altar of Elyvilon.
  8792 | D:9      | Reached skill level 1 in Shields
  8988 | D:9      | Reached skill level 8 in Summonings
  9337 | D:10     | Entered Level 10 of the Dungeon
  9720 | D:10     | Noticed a hill giant
  9731 | D:10     | Killed a hill giant
 10194 | D:10     | Noticed an unseen horror
 10208 | D:10     | Reached skill level 5 in Air Magic
 10225 | D:10     | Killed an unseen horror
 10657 | D:11     | Noticed a hill giant
 10672 | D:11     | Killed a hill giant
 10771 | D:11     | Reached XP level 11. HP: 86/91 MP: 9/23
 10773 | D:11     | Reached skill level 9 in Summonings
 10864 | D:11     | Noticed an unseen horror
 10872 | D:11     | Killed an unseen horror
 10883 | D:11     | Noticed a rakshasa
 10898 | D:11     | Killed a rakshasa
 10898 | D:11     | Reached skill level 5 in Shields
 10902 | D:11     | Noticed an eight-headed hydra
 11110 | D:11     | Missed labyrinth... that precious loot :(
 11165 | D:11     | Killed a seven-headed hydra
 11212 | D:11     | Found a runed door.
 11213 | D:11     | Found a runed door.
 11240 | D:11     | Noticed an iron troll
 11414 | D:11     | HP: 1/92 [iron troll (7)]
 11978 | D:11     | Killed an iron troll
 12347 | D:11     | Received a gift from Sif Muna
 12348 | D:11     | Identified Sif Muna's Catalogue of Glamour {god gift} (Sif Muna gifted it to you on level 11 of the Dungeon)
 12496 | D:11     | Noticed an eight-headed hydra
 12507 | D:11     | Killed an eight-headed hydra
 12602 | D:11     | Noticed a red ugly thing
 12625 | D:11     | Killed a red ugly thing
 12747 | D:11     | Noticed a manticore
 12757 | D:11     | Killed a manticore
 12982 | D:11     | Reached skill level 10 in Summonings
 13216 | D:12     | Found a staircase to the Orcish Mines.
 13256 | D:12     | Mangled by a very large slime creature

Action                   |  1- 3 |  4- 6 |  7- 9 | 10-12 || total
-------------------------+-------+-------+-------+-------++-------
Melee: Unarmed           |    17 |       |       |       ||    17
       Dagger            |    94 |   183 |   151 |       ||   428
       Scimitar          |       |       |   179 |   321 ||   500
       Falchion          |       |       |       |    15 ||    15
 Cast: Summon Small Mamm |     5 |       |       |       ||     5
       Call Imp          |     2 |     2 |     9 |     4 ||    17
       Call Canine Famil |       |     1 |    21 |    25 ||    47
       Summon Ice Beast  |       |       |    52 |   108 ||   160
       Summon Guardian G |       |       |     5 |    16 ||    21
       Summon Lightning  |       |       |       |     6 ||     6
Invok: Channel Energy    |       |       |    73 |   189 ||   262
 Abil: End Transformatio |       |       |       |     2 ||     2
       Bat Form          |       |       |       |     2 ||     2
Evoke: Wand              |       |       |     1 |     7 ||     8
  Use: Potion            |     1 |     6 |     4 |    27 ||    38
       Scroll            |       |     1 |     7 |     5 ||    13
 Stab: Sleeping          |     5 |     7 |    15 |    13 ||    40
       Distracted        |       |       |     4 |     7 ||    11
  Eat: Corpse            |    13 |    10 |    22 |    33 ||    78
